Map: Blackpink LE

Players

buddy - Winner!

  • Race: Terran Terran
  • League: Diamond
  • Spawn Location: 7:00

Teaman

  • Race: Zerg Zerg
  • Spawn Location: 1:00

VOD

Have the link to the VOD?

Description

Pls Neuro

Time

  • Played on: Feb. 17, 2018, 8:14 a.m.
  • Length: 19:04
Show
View Real Time Build Order
Export as new Build Order

buddy Terran - Winner!

Build Orders: Hellion Opening 

Get SALT Encoding   

  12  0:01  SCV  
  13  0:13  SCV  
  14  0:17  Supply Depot  
  14  0:25  SCV  
  15  0:32  Refinery  
  15  0:39  SCV  
  16  0:49  Barracks  
  16  0:51  SCV  
  17  1:03  SCV  
  18  1:15  SCV  
  19  1:35  Orbital Command  
  19  1:44  Barracks Reactor  
  19  1:49  Command Center  
  19  1:57  Factory  
  19  2:02  SCV  
  19  2:06  Supply Depot  
  20  2:14  SCV, Refinery  
  21  2:35  SCV  
  22  2:47  SCV  
  23  2:51  Factory  
  23  2:56  Hellion x2  
  27  2:59  SCV  
  28  3:09  Barracks Tech Lab  
  28  3:11  SCV  
  29  3:13  Orbital Command  
  29  3:18  Refinery  
  31  3:20  Hellion x2  
  31  3:23  SCV  
  34  3:28  Starport  
  34  3:32  Supply Depot  
  34  3:41  SCV x2  
  36  3:50  Hellion x2  
  40  3:57  SCV  
  40  4:01  Supply Depot  
  41  4:04  Siege Tank  
  44  4:11  SCV  
  44  4:12  SCV  
  46  4:24  SCV x2  
  48  4:25  Starport Reactor  
  48  4:35  Refinery  
  48  4:36  SCV x2, Siege Tank  
  53  4:38  Supply Depot  
  53  4:43  Hellion x2  
  57  4:48  SCV  
  46  5:08  SCV x2  
  46  5:10  Hellion x2, Siege Tank  
  55  5:15  Infernal Pre-Igniter  
  55  5:23  SCV x2  
  55  5:25  Command Center  
  57  5:31  Supply Depot  
  57  5:34  Hellion  
  59  5:35  SCV  
  59  5:36  SCV  
  59  5:37  Hellion  
  59  5:38  Liberator x2  
  63  5:48  SCV x2  
  65  5:55  Hellion  
  73  5:58  Hellion  
  77  6:04  Hellion  
  77  6:10  Armory  
  77  6:14  Armory  
  77  6:21  Supply Depot  
  77  6:23  Supply Depot  
  77  6:27  SCV  
  78  6:36  Hellion x2, SCV, Siege Tank  
  86  6:58  Hellion x2  
  86  6:59  Terran Vehicle Weapons Level 1  
  86  7:01  Terran Vehicle And Ship Armor Level 1  
  90  7:08  Siege Tank  
  90  7:09  Viking  
  90  7:10  Viking  
  91  8:07  Siege Tank  
  91  8:08  Hellion x2  
  98  8:15  Factory x2  
  98  8:16  Factory  
  98  8:40  Siege Tank  
  98  8:41  Hellion x2  
  105  9:14  Siege Tank  
  105  9:16  Factory Tech Lab  
  108  9:17  Factory Tech Lab  
  108  9:20  Supply Depot  
  108  9:22  Supply Depot x2  
  108  9:42  Hellion x3  
  92  10:16  Siege Tank x3  
  92  10:17  Hellion x3  
  92  10:19  Viking  
  92  10:20  Viking  
  92  10:38  Hellion x2  
  92  10:42  Refinery x2  
  98  10:46  Terran Vehicle Weapons Level 2, Engineering Bay, Terran Vehicle And Ship Armor Level 2  
  98  10:48  Hellion x2  
  98  10:49  Hellion, Viking  
  106  10:50  Viking  
  106  10:51  Factory Reactor  
  106  11:00  Hellion x2  
  110  11:10  Hellion x3  
  116  11:21  Hellion x2  
  120  11:31  Hellion x3  
  126  11:42  Hellion x2  
  130  11:48  Hellion  
  130  11:50  Hellion  
  132  12:06  Hellion x2  
  132  12:07  Hellion x2, Siege Tank  
  131  12:09  Hellion  
  101  12:20  Hellion  
  84  12:27  Siege Tank  
  84  12:28  Hellion x2, Siege Tank  
  92  12:30  Medivac  
  92  12:31  Hellion, Medivac  
  98  12:39  Siege Tank  
  98  12:41  Hellion  
  88  12:49  Hellion  
  88  12:50  Hellion  
  89  12:52  Hellion  
  91  12:59  Planetary Fortress  
  91  13:00  Siege Tank x2, Medivac  
  91  13:01  Medivac  
  91  13:03  Hellion  
  103  13:10  Hellion  
  103  13:11  Hellion, Siege Tank  
  110  13:13  Hellion  
  110  13:14  Starport  
  112  13:24  Hellion  
  114  13:32  Hellion x2, Siege Tank x2  
  114  13:34  Supply Depot x2  
  124  13:35  Hellion  
  124  13:36  Supply Depot  
  124  13:39  Command Center  
  126  13:44  Hellion  
  126  13:45  Hellion  
  130  13:53  Hellion, Starport Reactor  
  130  13:54  Hellion, Command Center  
  134  13:56  Hellion  
  136  14:26  Terran Vehicle Weapons Level 3, Terran Vehicle And Ship Armor Level 3  
  85  14:46  Siege Tank  
  85  14:47  Siege Tank x2  
  85  14:48  Hellion x4  
  95  15:07  Orbital Command  
  95  15:09  Hellion  
  95  15:10  Hellion x3  
  103  15:18  Siege Tank  
  103  15:19  Siege Tank x2  
  112  15:24  SCV  
  112  15:25  SCV x2  
  115  15:30  Hellion  
  115  15:31  Hellion x3  
  123  15:35  Orbital Command  
  123  15:37  SCV x3  
  126  15:47  Refinery  
  126  15:48  Refinery  
  126  15:49  SCV x3  
  129  15:51  Refinery  
  129  15:52  Refinery  
  129  15:59  Hellion x2  
  129  16:00  Hellion  
  135  16:20  SCV x3  
  135  16:23  SCV x2  
  140  16:27  Hellion x3  
  140  16:32  SCV  
  110  17:21  Siege Tank  
  110  17:22  Hellion x2  
  123  17:23  Hellion x4  
  125  17:43  Hellion x2  
  121  17:44  Hellion x2  
  121  17:47  Siege Tank x2  
  127  17:53  Siege Tank  
  130  18:05  Hellion x4  
  138  18:19  Siege Tank x2  
  137  18:26  Hellion  
  126  18:30  Hellion x3  
  126  18:31  Hellion  
Show
View Real Time Build Order
Export as new Build Order

Teaman Zerg 

Build Orders: Hatch First 

Get SALT Encoding   

  12  0:01  Drone  
  13  0:12  Overlord  
  13  0:17  Drone  
  14  0:31  Drone x2  
  16  0:37  Drone  
  17  0:53  Hatchery  
  17  0:55  Drone  
  17  0:59  Drone  
  18  1:07  Drone  
  18  1:10  Extractor  
  18  1:18  Spawning Pool  
  17  1:21  Drone  
  18  1:30  Drone  
  19  1:39  Overlord  
  19  1:54  Drone  
  20  2:05  Queen  
  20  2:06  Zergling x2  
  20  2:07  Zergling x2  
  24  2:19  Queen  
  24  2:22  Hatchery  
  25  2:23  Drone  
  25  2:26  Drone  
  25  2:29  Drone  
  28  2:33  Drone  
  28  2:36  Drone  
  30  2:40  Drone  
  31  2:46  Drone  
  32  2:51  Metabolic Boost  
  32  2:53  Drone  
  32  2:57  Drone  
  34  3:01  Queen  
  34  3:05  Overlord  
  36  3:21  Overlord  
  36  3:23  Drone x5  
  36  3:24  Drone  
  42  3:33  Roach Warren  
  42  3:34  Drone x2  
  42  3:36  Drone  
  44  3:47  Drone x2  
  44  3:48  Drone x3  
  49  3:52  Extractor  
  49  3:53  Queen  
  50  4:04  Drone, Lair  
  50  4:05  Drone x2  
  53  4:18  Drone x5  
  53  4:20  Overlord  
  53  4:21  Overlord  
  58  4:39  Roach x3  
  58  4:40  Roach  
  58  4:41  Drone x7  
  58  4:42  Drone  
  65  5:15  Drone  
  65  5:16  Drone x7  
  65  5:19  Overlord x4  
  73  5:41  Extractor  
  72  5:44  Evolution Chamber  
  72  5:49  Hydralisk Den, Extractor  
  69  5:51  Extractor  
  69  5:52  Extractor, Drone x4  
  69  5:53  Drone x2  
  73  6:19  Hydralisk  
  73  6:20  Hydralisk x11  
  97  6:30  Muscular Augments  
  97  6:56  Hydralisk  
  97  6:57  Hydralisk x3  
  97  6:59  Overlord x4  
  105  7:04  Hatchery  
  105  7:05  Hatchery  
  105  7:06  Queen  
  105  7:08  Pneumatized Carapace  
  95  8:13  Drone  
  95  8:14  Drone x5  
  95  8:17  Hydralisk x11  
  123  8:28  Spore Crawler  
  123  8:30  Spore Crawler  
  123  8:33  Drone, Spore Crawler  
  123  8:34  Drone x11  
  132  8:50  Overlord x2  
  132  8:51  Overlord x3  
  132  9:08  Queen  
  134  9:13  Hydralisk x6  
  134  9:14  Hydralisk x4  
  134  9:15  Zergling x6  
  154  9:36  Overlord x4  
  154  9:37  Overlord x3  
  130  10:06  Zergling x16  
  130  10:07  Zergling x8  
  99  10:27  Grooved Spines  
  97  10:34  Hydralisk  
  97  10:35  Hydralisk x7  
  113  10:51  Drone x2  
  113  10:52  Drone x6  
  121  11:00  Zerg Ground Armor Level 1  
  121  11:03  Evolution Chamber  
  120  11:29  Hatchery  
  119  11:33  Extractor, Drone x3  
  119  11:34  Extractor, Hydralisk x14  
  119  11:35  Hydralisk x6  
  160  11:45  Baneling Nest  
  159  11:48  Zerg Missile Weapons Level 1  
  159  11:56  Hydralisk x6  
  167  12:06  Hydralisk x4  
  167  12:07  Hydralisk x10  
  153  12:20  Hydralisk x4  
  125  12:32  Hydralisk x6  
  127  13:08  Hydralisk x5  
  127  13:09  Hydralisk x11  
  159  13:24  Queen  
  161  13:50  Hydralisk  
  161  13:51  Hydralisk x11  
  185  14:07  Zerg Missile Weapons Level 2  
  185  14:08  Zerg Ground Armor Level 2  
  185  14:09  Zergling x12  
  191  14:17  Hydralisk x3  
  195  14:37  Hydralisk x7  
  195  14:38  Hydralisk  
  119  14:46  Hydralisk  
  119  14:47  Hydralisk x2  
  107  14:53  Hydralisk x3  
  113  15:08  Hydralisk x6  
  125  15:33  Zergling x2  
  125  15:34  Zergling x36  
  125  15:35  Zergling x2  
  145  16:04  Hydralisk  
  145  16:05  Hydralisk x11  
  169  16:30  Infestation Pit  
  164  16:51  Hydralisk  
  164  16:52  Hydralisk x16  
  198  16:55  Zergling x2  
  141  17:11  Hydralisk x5  
  141  17:12  Hydralisk x4  
  133  17:19  Hydralisk  
  133  17:20  Hydralisk x3  
  139  17:28  Hive  
  139  17:32  Hydralisk  
  139  17:33  Hydralisk x2  
  120  17:46  Hydralisk x6  
  120  17:49  Roach  
  123  18:09  Hydralisk x3  
  113  18:20  Hatchery  
  113  18:25  Hydralisk x3  
  113  18:26  Hydralisk x2  
  96  18:28  Hydralisk  
  96  18:30  Zergling x2  
Tags
 
Add a new tag
Caveats
  • Supply blocks, unpowered buildings, or Contaminate may cause inaccurate times.
  • Supply counts are checked every 10 seconds.